 Dungeon Crawl Stone Soup version 0.28-a0-1038-g9c4cb8273d (webtiles) character file.

Game seed: 7993808763558918288

724 Turgor the Skirmisher (level 7, 0/64 HPs)
             Began as a Minotaur Fighter on Dec 8, 2021.
             Was a Follower of Okawaru.
             Slain by Grum (16 damage)
             ... on level 5 of the Dungeon.
             The game lasted 00:17:15 (4760 turns).

Turgor the Skirmisher (Minotaur Fighter)            Turns: 4760, Time: 00:17:16

Health: 0/64       AC: 10    Str: 20    XL:     7   Next: 43%
Magic:  6/6        EV:  9    Int: 13    God:    Okawaru [*.....]
Gold:   159        SH:  4    Dex: 10    Spells: 6/6 levels left

rFire   . . .      SeeInvis .   a - +0 war axe
rCold   . . .      Faith    .   c - +0 buckler
rNeg    . . .      Spirit   .   b - +1 scale mail
rPois   .          Reflect  .   (helmet restricted)
rElec   .          Harm     .   (no cloak)
rCorr   .          Rampage  .   w - +0 pair of gloves
Will    .....                   (no boots)
Stlth   ..........              e - amulet of the acrobat
HPRegen 0.20/turn               p - +6 ring of intelligence
MPRegen 0.10/turn               q - ring of flight

@: brilliant, flying
A: horns 2, retaliatory headbutt
a: Renounce Religion, Heroism


You were on level 5 of the Dungeon.
You worshipped Okawaru.
Okawaru was aware of your devotion.
You visited 2 branches of the dungeon, and saw 6 of its levels.

You collected 159 gold pieces.

Inventory:

Hand Weapons
 a - a +0 war axe (weapon)
 i - a +0 hunting sling
 F - a +2 hand axe of freezing
Missiles
 j - 7 bolts
 l - 152 stones (quivered)
 s - 35 sling bullets
 z - 4 javelins
 B - 26 arrows
 C - 2 throwing nets
 D - 14 poisoned darts
Armour
 b - a +1 scale mail (worn)
 c - a +0 buckler (worn)
 w - a +0 pair of gloves (worn)
Jewellery
 e - an amulet of the acrobat (around neck)
 p - a +6 ring of intelligence (left hand)
 q - a ring of flight (right hand)
 A - a ring of positive energy
Scrolls
 f - a scroll of brand weapon {unknown}
 g - 2 scrolls of immolation {unknown}
 n - 3 scrolls of identify {unknown}
 r - a scroll of enchant armour
 x - a scroll of magic mapping {unknown}
 y - a scroll of enchant weapon {unknown}
Potions
 h - a potion of flight
 k - 2 potions of curing
 m - 2 potions of mutation {unknown}
 o - 2 potions of magic {unknown}
 t - a potion of heal wounds {unknown}
 u - 2 potions of brilliance
 v - a potion of lignification {unknown}
 E - a potion of resistance


   Skills:
 * Level 6.6 Fighting
 * Level 6.1 Axes
 + Level 1.4 Throwing
 + Level 6.3 Armour
 - Level 4.0 Shields


You had 6 spell levels left.
You didn't know any spells.
Your spell library contained the following spells:

 Spells                   Type           Power      Damage    Failure   Level
 Frozen Ramparts          Ice            0%         1d2       94%         3
 Gell's Gravitas          Tloc           0%         N/A       94%         3
 Lesser Beckoning         Tloc           0%         N/A       94%         3
 Teleport Other           Tloc           0%         N/A       94%         3
 Ice Form                 Ice/Tmut       0%         N/A       100%        4
 Summon Ice Beast         Ice/Summ       Unusable   N/A       N/A         4
 Malign Gateway           Summ/Tloc      Unusable   N/A       N/A         7
 Summon Horrible Things   Summ           Unusable   N/A       N/A         8

Dungeon Overview and Level Annotations

Branches:
Dungeon (5/15)             Temple (1/1) D:4

Altars:
Dithmenos
Elyvilon
Hepliaklqana
Okawaru
Qazlal
Sif Muna
Trog
Wu Jian
The Shining One

Annotations:
D:5 Grum


Innate Abilities, Weirdness & Mutations

You have a pair of horns on your head.
You reflexively headbutt those who attack you in melee.


Message History

You slash Grum!
Grum is moderately wounded.
You block Grum's attack.
A hound comes into view.
You barely miss Grum.
Grum is moderately wounded.
The hound barks!
You hear a howl!
Grum hits you with a +0 spear!
You slash Grum!
Grum is heavily wounded.
Grum hits you with a +0 spear!
* * * LOW HITPOINT WARNING * * *
You hit Grum but do no damage. You headbutt Grum.
Grum is heavily wounded.
You closely miss the hound. The hound closely misses you. Grum misses you.
You furiously retaliate!
You headbutt Grum. The hound bites you but does no damage.
You barely miss Grum.
Grum is heavily wounded.
You closely miss the hound. The hound bites you but does no damage.
Grum hits you but does no damage. The hound barely misses you.
Grum barely misses you.
You barely miss Grum. You headbutt Grum, but do no damage.
Grum is heavily wounded.
You slash the hound! The hound bites you but does no damage.
You block Grum's attack.
It was a potion of brilliance.
You feel clever all of a sudden. The hound misses you.
The hound bites you but does no damage. You block Grum's attack.
It was a potion of flight.
You feel more buoyant. The hound bites you.
* * * LOW HITPOINT WARNING * * *
Grum hits you but does no damage.
It was a potion of curing.
You feel better. The hound bites you but does no damage. The hound bites you.
* * * LOW HITPOINT WARNING * * *
Grum hits you with a +0 spear!
You die...

..# . ..# ..
#.# ... #.#
.... ##.#
..... ##..#
......###h..#
.......g@...#
#.
###########.#
##.. #.# #...#
#.####..#
#......#
###...##
#######...##
.........## ##
########..####
#.


You could see Grum and a hound.

Vanquished Creatures
  A sky beast (D:5)
  A centaur (D:5)
  A bullfrog (D:4)
  5 hounds (D:5)
  An iguana (D:4)
  9 adders
  11 gnolls
  An ufetubus (D:5)
  An adder skeleton (D:4)
  3 worms
  7 orcs
  7 ball pythons
  11 endoplasms
  2 giant cockroaches
  10 goblins
  6 hobgoblins
  15 jackals
  9 kobolds
  2 quokkas
  8 bats
  2 frilled lizards
  A rat (D:2)
114 creatures vanquished.

Notes
Turn   | Place    | Note
-------+----------+-------------------------------------------
     0 | D:1      | Turgor the Minotaur Fighter began the quest for the Orb.
     0 | D:1      | Reached XP level 1. HP: 19/19 MP: 0/0
   167 | D:1      | Reached XP level 2. HP: 27/27 MP: 1/1
   889 | D:1      | Reached XP level 3. HP: 26/33 MP: 2/2
  1541 | D:2      | Found a glowing golden altar of the Shining One.
  1624 | D:2      | Reached XP level 4. HP: 37/41 MP: 3/3
  1977 | D:2      | Found a faded altar of an unknown god.
  2346 | D:3      | Reached XP level 5. HP: 34/47 MP: 4/4
  2577 | D:3      | Reached skill level 5 in Armour
  2671 | D:3      | Reached skill level 5 in Fighting
  3514 | D:4      | Reached XP level 6. HP: 56/56 MP: 5/5
  3575 | D:4      | Found a staircase to the Ecumenical Temple.
  3593 | Temple   | Entered the Ecumenical Temple
  3607 | Temple   | Became a worshipper of Warmaster Okawaru
  3791 | D:4      | Reached skill level 5 in Axes
  4095 | D:5      | Entered Level 5 of the Dungeon
  4476 | D:5      | Found an ornate altar of the Wu Jian Council.
  4490 | D:5      | Noticed a sky beast
  4505 | D:5      | Reached XP level 7. HP: 30/63 MP: 6/6
  4511 | D:5      | Reached skill level 1 in Throwing
  4728 | D:5      | Reached * piety under Okawaru
  4742 | D:5      | Noticed Grum
  4760 | D:5      | Slain by Grum

Illustrated notes

Levels and vault maps discovered:
D:1:      lemuel_arrival_muddy, layout_basic
D:2:      layout_basic, basic_altar, ebering_ecumenical_altar_mist,
          minmay_octomino_e4
D:3:      layout_basic
D:4:      layout_cave_pools, minmay_temple_entry_large_hall, solitary_fountain
D:5:      layout_cave_pods, overflow_temple_1_default, serial_gnoll_camp,
          gnoll_camp_mini_basic, gnoll_camp_mini_hut, gnoll_camp_mini_doghouse,
          grums_kennel, gnoll_camp_mini_loothouse, minmay_hollow_rounded_squares
Temple:   mainiacjoe_temple_coin_purse

Skill      XL: |  1  2  3  4  5  6  7 |
---------------+----------------------+-----
Shields        | 4 |  4.0
Fighting       | 4 5 6 |  6.6
Axes           | 3 4 5 6 |  6.1
Armour         | 4 5 6 |  6.3
Throwing       | 1 |  1.4

Action                   |  1- 3 |  4- 6 |  7- 9 || total
-------------------------+-------+-------+-------++-------
Melee: War axe           |    69 |   148 |    32 ||   249
       Headbutt          |     7 |    27 |     8 ||    42
  Use: Scroll            |       |     1 |       ||     1
       Potion            |       |     1 |     3 ||     4
Armor: Scale mail        |    23 |    65 |    25 ||   113
Dodge: Dodged            |    46 |   102 |    17 ||   165
Block: Buckler           |    16 |    37 |    10 ||    63

Table legend: (Time is in decaauts)
 A = Elapsed time spent in this place.
 B = Non-inter-level travel time spent in this place.
 C = Inter-level travel time spent in this place.
 D = Time resting spent in this place.
 E = Time spent auto-exploring this place.
 F = Levels seen in this place.
 G = Mean time per level.
                   A        B        C        D        E       F      G
               +--------+--------+--------+--------+--------+-----+--------+
         Total |   4836 |   4364 |    472 |    323 |   3234 |   6 |  806.0 |
       Dungeon |   4808 |   4350 |    458 |    323 |   3233 |   5 |  961.6 |
        Temple |     27 |     14 |     13 |      0 |      1 |   1 |   27.0 |
               +--------+--------+--------+--------+--------+-----+--------+

Top non-repeatable levels by time:
     D:2: 1305 daAuts
     D:1: 1264 daAuts
     D:3: 892 daAuts
     D:4: 837 daAuts
     D:5: 509 daAuts
  Temple: 27 daAuts
